 Dungeon Crawl Stone Soup version 0.28.0 (webtiles) character file.

Game seed: 12865865796354872639

61 mkm the Firebug (level 4, 0/24 HPs)
             Began as a Gargoyle Fire Elementalist on Feb 11, 2022.
             Killed by divine providence
             ... invoked by an orc priest
              (10 damage)
             ... on level 3 of the Dungeon.
             The game lasted 00:06:44 (2926 turns).

mkm the Firebug (Gargoyle Fire Elementalist)        Turns: 2926, Time: 00:06:44

Health: 0/24       AC:  8    Str: 12    XL:     4   Next: 7%
Magic:  4/8        EV: 11    Int: 17    God:
Gold:   94         SH:  0    Dex: 10    Spells: 5/8 levels left

rFire   . . .      SeeInvis .   c - +0 short sword
rCold   . . .      Faith    .   (no shield)
rNeg    + . .      Spirit   .   j - +1 animal skin
rPois   ∞          Reflect  .   k - +0 helmet
rElec   +          Harm     .   (no cloak)
rCorr   .          Rampage  .   i - +0 pair of gloves
Will    .....                   (no boots)
Stlth   ++........              (no amulet)
HPRegen 0.08/turn               (no ring)
MPRegen 0.11/turn               (no ring)

@: no status effects
A: sickness immunity, AC +3, negative energy resistance 1, electricity
resistance, torment resistance 1, petrification resistance
a: no special abilities


You were on level 3 of the Dungeon.
You visited 1 branch of the dungeon, and saw 3 of its levels.

You collected 94 gold pieces.

Inventory:

Hand Weapons
 c - a +0 short sword (weapon)
Armour
 i - a +0 pair of gloves (worn)
 j - a +1 animal skin (worn)
 k - a +0 helmet (worn)
Scrolls
 b - a scroll of identify {unknown}
 g - a scroll of noise {unknown}
 h - a scroll of vulnerability {unknown}
Potions
 d - a potion of might {unknown}
 e - a potion of cancellation {unknown}
 f - a potion of lignification {unknown}


   Skills:
 - Level 1.5 Dodging
 - Level 2.1 Stealth
 + Level 2.7 Spellcasting
 + Level 2.5 Conjurations
 + Level 3.6 Fire Magic


You had 5 spell levels left.
You knew the following spells:

 Your Spells              Type           Power      Damage    Failure   Level
a - Foxfire               Conj/Fire      48%        2x1d6     4%          1
b - Scorch                Fire           28%        2d6       6%          2

Your spell library contained the following spells:

 Spells                   Type           Power      Damage    Failure   Level
 Conjure Flame            Conj/Fire      12%        6-21      16%         3
 Ensorcelled Hibernation  Hex/Ice        4%         N/A       26%         2
 Inner Flame              Hex/Fire       8%         N/A       26%         3
 Flame Wave               Conj/Fire      12%        2d6       45%         4
 Spider Form              Tmut/Pois      2%         N/A       47%         3
 Anguish                  Hex/Necr       1%         N/A       87%         4


Dungeon Overview and Level Annotations

Branches:
Dungeon (3/15)

Altars:

Shops:
D:2 *


Innate Abilities, Weirdness & Mutations

You are immune to sickness and miasma.
Your stone body is resilient. (AC +3)
You are immune to poison.
You resist negative energy. (rN+)
You are resistant to electric shocks. (rElec)
You are resistant to unholy torment.
You are immune to petrification.


Message History

Your foxfire dissipates! x2
Magic restored.
You now have 94 gold pieces (gained 7).
You open the door.
There is an open door here.
You hear the slow rusting of a drain nearby.
You open the door.
There is an open door here.
Found a stone staircase leading down.
An orc comes into view. It is wielding a +3 short sword.
The orc shouts!
You conjure some foxfire!
The foxfire hits the orc.
The orc is severely wounded.
An orc priest comes into view. It is wielding a +0 dagger.
You conjure some foxfire!
The foxfire hits the orc.
The orc is almost dead.
You hear the slow rusting of a very distant drain.
The foxfire hits the orc.
You kill the orc!
An orc comes into view. It is wielding a +0 hand axe.
You conjure some foxfire!
The foxfire hits the orc priest.
The orc priest is lightly wounded.
The orc priest calls down the wrath of Beogh upon you.
Beogh smites you!
Ouch! That really hurt!
The foxfire hits the orc priest.
The orc priest is moderately wounded.
You are too injured to fight recklessly!
The foxfire hits the orc priest but does no damage.
The orc priest is moderately wounded.
Casting: Foxfire (safe; 4% risk of failure)
Confirm with . or Enter, or press ? or * to list all spells.
Flames lash the orc priest.
The orc priest is heavily wounded.
The orc priest's fire resistance burns away.
You are too injured to fight recklessly!
The orc priest mumbles some strange prayers to Beogh against you.
Beogh smites you!
You die...

#.#.#.#.#### #
#.#.#.#....#
##.###.#.#.#.##.#
#..........#..#.###
#.........>#......#
#..###.#......#.#.#
#.#.#.####.#.#
#.####.#.#.# #.#.#
#.......@#.####.#.#
########.#.#......#
....)oo.#.#.##.###
#########.#.##.#
..#.##.#
#####.##.#######
#.....##.......#
###'######...######
#.................#


You could see an orc priest (combustible).

Vanquished Creatures
  Robin (D:2)
  An adder (D:2)
  A worm (D:2)
  2 orcs (D:3)
  A ball python (D:1)
  3 bats
  An endoplasm (D:2)
  5 hobgoblins
  3 kobolds
  2 quokkas
  2 frilled lizards (D:2)
  8 goblins (D:2)
  6 rats
36 creatures vanquished.

Vanquished Creatures (others)
  88 foxfires
88 creatures vanquished.

Grand Total: 124 creatures vanquished

Notes
Turn   | Place    | Note
-------+----------+-------------------------------------------
     0 | D:1      | mkm the Gargoyle Fire Elementalist began the quest for the
                  | Orb.
     0 | D:1      | Reached XP level 1. HP: 10/10 MP: 3/3
   551 | D:1      | Reached XP level 2. HP: 15/15 MP: 3/5
  1548 | D:2      | Reached XP level 3. HP: 19/19 MP: 2/6
  1676 | D:2      | Noticed Robin
  1898 | D:2      | Learned a level 2 spell: Scorch
  1996 | D:2      | Found Ocurupty's Assorted Antiques.
  2549 | D:2      | Killed Robin
  2550 | D:2      | Reached XP level 4. HP: 24/24 MP: 0/8
  2926 | D:3      | Killed from afar by an orc priest

Illustrated notes

Levels and vault maps discovered:
D:1:      dpeg_arrival_tiny_f, layout_basic, serial_co_window_serial,
          co_window_of_opportunity_a, co_window_corner_a, co_window_paths_b,
          co_window_corner_a, co_window_corner_a, co_window_broadway_b,
          co_window_corner_b, co_window_corner_b, co_window_unsneaky_path_a,
          co_window_unsneaky_path_d, co_window_paths_c, co_window_corner_ca,
          co_window_paths_e, glass_columns_a, glass_columns_c, glass_columns_c,
          glass_columns_a, glass_columns_c, chequers_avenue
D:2:      layout_loops_ring, serial_shops, shop, uniq_robin
D:3:      layout_basic, mainiacjoe_overflow_chevrons, portal_sewer_entry_a,
          lexackson_kobold_supper

Skill      XL: |  1  2 |
---------------+-------+-----
Conjurations   | 2 |  2.5
Dodging        | |  1.5
Stealth        | |  2.1
Spellcasting   | |  2.7
Fire Magic     | |  3.6

Action                   |  1- 3 |  4- 6 || total
-------------------------+-------+-------++-------
Melee: Short sword       |    29 |       ||    29
       Punch             |     1 |       ||     1
 Cast: Foxfire           |    44 |     5 ||    49
       Scorch            |     5 |     1 ||     6
  Use: Potion            |     2 |       ||     2
Armor: Robe              |    34 |       ||    34
Dodge: Dodged            |    29 |       ||    29
